 Dungeon Crawl Stone Soup version 0.30-b1-2-g02819fbbbe (webtiles) character file.

Game seed: 1462391432456275646

533 Zeebu the Shield-Bearer (level 7, -9/62 HPs)
             Began as a Minotaur Fighter on Aug 13, 2023.
             Mangled by Crazy Yiuf
             ... wielding a +3 quarterstaff of chaos
              (16 damage)
             ... on level 3 of the Dungeon.
             The game lasted 00:04:23 (2413 turns).

Zeebu the Shield-Bearer (Minotaur Fighter)          Turns: 2413, Time: 00:04:23

Health: -9/62      AC:  7    Str: 23    XL:     7   Next: 4%
Magic:  6/6        EV: 10    Int:  5    God:
Gold:   112        SH:  5    Dex:  9    Spells: 6/6 levels left

rFire   . . .        r - +2 hand axe (elec)
rCold   . . .        c - +0 buckler
rNeg    . . .        t - +2 leather armour {Will+}
rPois   .            (helmet restricted)
rElec   .            (no cloak)
rCorr   .            m - +0 pair of gloves {Stlth+}
SInv    .            (no boots)
Will    +....        (no amulet)
Stlth   ++           (no ring)
HPRegen 0.30/turn    (no ring)
MPRegen 0.10/turn

%: no passive effects
@: lethally poisoned (-9 -> -11)
A: horns 2, retaliatory headbutt
a: no special abilities


You were on level 3 of the Dungeon.
You visited 1 branch of the dungeon, and saw 3 of its levels.

You collected 112 gold pieces.

Inventory:

Hand Weapons
 a - a +0 war axe
 r - a +2 hand axe of electrocution (weapon)
Missiles
 l - 6 poisoned darts (quivered)
Armour
 b - a +0 scale mail
 c - a +0 buckler (worn)
 m - a +0 pair of gloves of stealth (worn)
 t - a +2 leather armour of willpower (worn)
Wands
 s - a wand of charming (8)
Scrolls
 e - 4 scrolls of identify {unknown}
 g - a scroll of fear {unknown}
 h - a scroll of brand weapon {unknown}
 i - a scroll of magic mapping {unknown}
 p - a scroll of blinking {unknown}
 q - a scroll of vulnerability {unknown}
 u - a scroll of butterflies {unknown}
 w - 2 scrolls of noise {unknown}
Potions
 d - a potion of might
 f - a potion of berserk rage {unknown}
 j - a potion of lignification {unknown}
 k - a potion of ambrosia {unknown}
 n - a potion of haste
 o - a potion of cancellation
 v - a potion of mutation {unknown}
 x - a potion of heal wounds {unknown}
 z - a potion of degeneration {unknown}


   Skills:
 + Level 5.6 Fighting
 + Level 5.0 Axes
 + Level 5.8 Armour
 + Level 5.8 Shields


You had 6 spell levels left.
You didn't know any spells.
Your spell library contained the following spells:

 Spells                   Type           Power      Damage    Failure   Level
 Cigotuvi's Dreadful Rot  Necr/Pois/Air  0%         N/A       73%         2
 Ignite Poison            Fire/Tmut/Pois 0%         N/A       91%         3
 Leda's Liquefaction      Hex/Erth       0%         N/A       100%        4
 Freezing Cloud           Conj/Ice/Air   0%         6-21      100%        5
 Lee's Rapid Deconstruct  Erth           0%         3d4*      100%        5
 Statue Form              Tmut/Erth      0%         N/A       100%        6


Dungeon Overview and Level Annotations

Branches:
Dungeon (3/15)

Altars:

Annotations:
D:3 Crazy Yiuf


Innate Abilities, Weirdness & Mutations

You have a pair of horns on your head.
You reflexively headbutt those who attack you in melee.


Message History

Could not explore, unopened runed door.
No reachable target in view!
You open the door. You closely miss Crazy Yiuf.
Crazy Yiuf hits you with a +3 quarterstaff of chaos!
Crazy Yiuf freezes you.
You barely miss Crazy Yiuf.
Crazy Yiuf hits you with a +3 quarterstaff of chaos!
You are poisoned.
You closely miss Crazy Yiuf.
You feel very sick.
Crazy Yiuf hits you with a +3 quarterstaff of chaos.
You hit Crazy Yiuf. Your headbutt misses Crazy Yiuf.
Crazy Yiuf is moderately wounded.
You feel very sick. You block Crazy Yiuf's attack.
You closely miss Crazy Yiuf. Your headbutt misses Crazy Yiuf.
Crazy Yiuf is moderately wounded.
You feel sick.
Crazy Yiuf hits you with a +3 quarterstaff of chaos!
* * * LOW HITPOINT WARNING * * *
Crazy Yiuf burns you.
* * * LOW HITPOINT WARNING * * *
It was a potion of haste.
You feel yourself speed up.
You feel sick. You block Crazy Yiuf's attack.
It was a potion of cancellation.
Your magical effects are unravelling.
You feel magically purged.
You feel yourself slow down.
You feel sick. You block Crazy Yiuf's attack.
You hit Crazy Yiuf.
Crazy Yiuf is heavily wounded.
You feel sick.
Crazy Yiuf says, "Crazy?
Crazy!?
PORCUPINE!"
Crazy Yiuf closely misses you.
You barely miss Crazy Yiuf.
Crazy Yiuf is heavily wounded.
You feel sick.
Crazy Yiuf hits you with a +3 quarterstaff of chaos!
You die...

##....#....#.........############
.+....#....########..........#..#
##....#....##...........####.#..#
##....#.################...#....#
##....#.# #...#...## ##..<.###
#...#...## .....####### ###
#...#...## ...........## ###..)#
#......>## ............####@g...#
#......### #............#..##...#
#......# # .....>......#.### ###
#...#..# # ........#######
#...#..# # ........# #...#..# #
#.......################.###..###
#.........<.....#...............#
####...#......................#.#
...#...#......................#.#


You could see Crazy Yiuf.

Vanquished Creatures
  Grinder (D:3)
  Ijyb (D:3)
  Natasha (thrice) (D:3)
  4 gnolls (D:2)
  8 adders
  A white imp (D:3)
  A worm (D:3)
  5 dart slugs
  7 orcs (D:3)
  8 bats
  10 endoplasms
  2 giant cockroaches
  4 goblins
  7 hobgoblins
  11 jackals
  3 kobolds
  5 quokkas
  5 ball pythons
  A frilled lizard (D:3)
  4 rats
91 creatures vanquished.

Vanquished Creatures (others)
  5 fungi (D:2)
  9 plants (D:2)
14 creatures vanquished.

Grand Total: 105 creatures vanquished

Notes
Turn   | Place    | Note
-------+----------+-------------------------------------------
     0 | D:1      | Zeebu the Minotaur Fighter began the quest for the Orb.
     0 | D:1      | Reached XP level 1. HP: 19/19 MP: 0/0
    61 | D:1      | Reached XP level 2. HP: 27/27 MP: 1/1
   432 | D:1      | Reached XP level 3. HP: 30/33 MP: 2/2
   902 | D:2      | Reached XP level 4. HP: 27/41 MP: 3/3
  1129 | D:2      | Reached XP level 5. HP: 41/47 MP: 4/4
  1338 | D:2      | Found a faded altar of an unknown god.
  1459 | D:3      | Noticed Ijyb
  1470 | D:3      | Killed Ijyb
  1512 | D:3      | Noticed Natasha
  1530 | D:3      | Reached skill level 5 in Armour
  1530 | D:3      | Reached skill level 5 in Shields
  1532 | D:3      | Killed Natasha
  1553 | D:3      | Noticed Natasha
  1559 | D:3      | Killed Natasha
  1560 | D:3      | Reached skill level 5 in Fighting
  1600 | D:3      | Noticed Natasha
  1606 | D:3      | Killed Natasha
  1607 | D:3      | Reached XP level 6. HP: 39/56 MP: 5/5
  1977 | D:3      | Noticed Grinder
  1977 | D:3      | Paralysed by Grinder for 3 turns
  2022 | D:3      | Killed Grinder
  2023 | D:3      | Reached skill level 5 in Axes
  2023 | D:3      | Reached XP level 7. HP: 61/61 MP: 6/6
  2186 | D:3      | Found a runed translucent door.
  2187 | D:3      | Noticed Crazy Yiuf
  2413 | D:3      | Mangled by Crazy Yiuf

Illustrated notes

Levels and vault maps discovered:
D:1:      spicycebolla_arrival_xxxplode, layout_loops_ring
D:2:      layout_rooms, shapermc_ecumenical_altar_mp_urbaneastern
D:3:      layout_basic, uniq_natasha, uniq_crazy_yiuf_cottage, uniq_grinder,
          uniq_ijyb

Skill      XL: |  1  2  3  4  5  6 |
---------------+-------------------+-----
Armour         | 4 5 |  5.8
Shields        | 4 5 |  5.8
Fighting       | 4 5 |  5.6
Axes           | 3 4 5 |  5.0

Action                     |  1- 3 |  4- 6 |  7- 9 || total
---------------------------+-------+-------+-------++-------
  Melee: War axe           |    91 |    51 |       ||   142
         Headbutt          |    17 |    16 |     1 ||    34
         Hand axe          |       |    63 |    20 ||    83
    Use: Potion            |       |       |     2 ||     2
 Armour: Scale mail        |    35 |    38 |       ||    73
         Leather armour    |       |    27 |     4 ||    31
  Dodge: Dodged            |    44 |    61 |     4 ||   109
  Block: Buckler           |    29 |    20 |    10 ||    59
